 Dungeon Crawl Stone Soup version 0.26-a0-661-g406de6ba63 (webtiles) character file.

Game seed: 4658773711334557286

17327 halkony2012 the Severer (level 12, 0/128 HPs)
             Began as a Minotaur Fighter on Oct 7, 2020.
             Was a High Priest of Okawaru.
             Slain by a wight
             ... wielding a +2 trident
              (4 damage)
             ... on level 9 of the Dungeon on Oct 8, 2020.
             The game lasted 00:26:12 (12182 turns).

halkony2012 the Severer (Minotaur Fighter)         Turns: 12182, Time: 00:26:12

Health: 0/128      AC:  8    Str: 26    XL:     12   Next: 17%
Magic:  17/20      EV: 12    Int:  5    God:    Okawaru [*****.]
Gold:   732        SH:  0    Dex: 10    Spells: 11/11 levels left

rFire    . . .     SeeInvis .   E - +9 battleaxe of Ymnet {holy, MP+9}
rCold    . . .     Faith    .   (shield currently unavailable)
rNeg     . . .     Spirit   .   b - +0 scale mail
rPois    .         Reflect  .   (helmet restricted)
rElec    .         Harm     .   (no cloak)
rCorr    .         Rampage  .   (no gloves)
MR       +....                  (no boots)
Stlth    ..........             (no amulet)
HPRegen  0.31/turn              o - +4 ring of slaying
MPRegen  0.17/turn              (no ring)

@: lethally poisoned (0 -> -1), marked, hasted, lightly drained, very quick
A: retaliatory headbutt, horns 2, blurry vision 2, magic resistance 1, robust 1
a: Heroism, Finesse, Renounce Religion


You were on level 9 of the Dungeon.
You worshipped Okawaru.
Okawaru was extremely pleased with you.
You visited 2 branches of the dungeon, and saw 11 of its levels.

You collected 732 gold pieces.

Inventory:

Hand Weapons
 a - a +1 war axe
 j - a +0 vampiric war axe
 C - the +1 trident of Calamity {vorpal, rPois rN++ MP-9 SInv}
   (You found it on level 9 of the Dungeon)

   It inflicts extra damage upon your enemies.
   It protects you from poison.
   It greatly protects you from negative energy.
   It affects your magic capacity (-9).
   It lets you see invisible.
 D - a +0 battleaxe
 E - the +9 battleaxe of Ymnet (weapon) {holy, MP+9}
   (Okawaru gifted it to you on level 10 of the Dungeon)

   It has been blessed by the Shining One to cause great damage to the undead
   and demons.
   It affects your magic capacity (+9).
Armour
 b - a +0 scale mail (worn)
 c - a +0 kite shield
Jewellery
 o - a +4 ring of slaying (left hand)
 r - an uncursed ring of protection from cold {unknown}
 w - an uncursed ring of see invisible {unknown}
 x - an uncursed amulet of the acrobat {unknown}
 G - an uncursed ring of stealth {unknown}
Wands
 d - a wand of disintegration (7)
 p - a wand of flame (54)
 q - a wand of digging (5)
 t - a wand of paralysis (19)
 y - a wand of acid (7)
Scrolls
 e - 4 scrolls of random uselessness {unknown}
 f - 12 scrolls of identify
 i - 9 scrolls of remove curse
 l - 5 scrolls of teleportation
 m - 4 scrolls of enchant weapon
 n - 3 scrolls of fog
 s - 2 scrolls of amnesia
 v - a scroll of enchant armour {unknown}
 A - a scroll of fear {unknown}
 F - a scroll of holy word {unknown}
Potions
 g - 2 potions of haste
 h - 4 potions of stabbing
 k - 2 potions of brilliance
 u - a potion of ambrosia
 z - a potion of mutation
 B - a potion of might


   Skills:
 * Level 14.1(13.7) Fighting
 + Level 15.7(15.3) Axes
 + Level 9.5(9.2) Armour
 - Level 4.3(4.0) Dodging
 - Level 3.7(3.4) Shields


You had 11 spell levels left.
You didn't know any spells.
Your spell library contained the following spells:

 Spells                   Type           Power        Failure   Level
 Shock                    Conj/Air       #...         71%         1
 Swiftness                Air            #.......     85%         2
 Confusing Touch          Hex            #.......     97%         3
 Gell's Gravitas          Tloc           #.........   97%         3
 Static Discharge         Conj/Air       #.......     97%         3
 Airstrike                Air            #.........   100%        4
 Petrify                  Tmut/Erth      #.......     100%        4
 Lightning Bolt           Conj/Air       #.........   100%        5
 Metabolic Englaciation   Hex/Ice        #.........   100%        5
 Yara's Violent Unravell  Hex/Tmut       #.........   100%        5


Dungeon Overview and Level Annotations

Branches:
Dungeon (10/15)            Temple (1/1) D:5
   Lair: D:8-11         Orc: D:9-12

Altars:
Ashenzari
Cheibriados
Dithmenos
Elyvilon
Fedhas
Gozag
Hepliaklqana
Kikubaaqudgha
Makhleb
Nemelex Xobeh
Okawaru
Qazlal
Sif Muna
Uskayaw
Vehumet
Wu Jian
Xom
Yredelemnul
Zin
The Shining One

Shops:
D:8 }

Annotations:
D:6 3 runed translucent doors, elmdor's ghost, novice HODe


Innate Abilities, Weirdness & Mutations

You reflexively headbutt those who attack you in melee.
You have a pair of horns on your head.
Scrolls take you longer to read.
You are resistant to hostile enchantments. (MR+)
You are robust. (+10% HP)


Message History

The eight-headed hydra bites you.
* * * LOW HITPOINT WARNING * * *
You feel sick.
You feel sick.
It was a potion of mutation.
You feel extremely strange.
You feel robust.
Your vision blurs. x2
You feel resistant to hostile enchantments.
Your hands slow down.
You feel sick.
Things that are here:
a cursed -1 giant club; a +0 giant club You feel sick.
There is a stone staircase leading up here.
You climb upwards.
The wight closely misses you. The wight hits you with a +0 battleaxe!
* * * LOW HITPOINT WARNING * * *
You feel drained.
* * * LOW HITPOINT WARNING * * *
The wight hits you from afar with a +2 trident.
You die...

#...[...###.###....)..#.#........
#.......#...# #.......#.#........
#.......#.### #.......#.'........
#.......'.# #.......###........
#.......### ###'##### #........
..#'###.# ##.# #########
.##>###.# #..# ### .##..##.#
####'######### ##.. .###.##.#
#...@z...[...# #..# .# #.##.#
#.#...z.(..#.## #.## .# #.##.#
#....z........####'## ## #.##.#
#...P....).....#(.... # #.##.#
#.........).(.......[ # #.##.#
#.............##..(.. # #.##.#
###.#.#''#.#.###....) # #.##.#
#####..#####.'..... # #.##.##
#.... ###.....


You could see 3 wights.

Vanquished Creatures
  A sphinx (shapeshifter) (D:10)
  Harold (D:10)
  Erolcha (D:9)
  A two-headed ogre (D:10)
  An ogre mage (D:8)
  Nergalle (D:10)
  A fire crab (D:10)
  Pikel (D:5)
  A necromancer (D:10)
  A deep elf mage (D:8)
  An ugly thing (D:10)
  A centaur zombie (D:10)
  Joseph (D:8)
  A centaur skeleton (D:10)
  A gargoyle (D:10)
  2 trolls
  Grinder (D:4)
  A wraith (D:9)
  15 yaks (D:9)
  Eustachio (D:6)
  Edmund (D:6)
  A water moccasin (D:8)
  Duvessa (D:3)
  A soldier ant (D:10)
  2 sky beasts (D:8)
  5 phantoms
  3 orc warriors
  An ice beast (D:6)
  7 ogres
  4 necrophages
  4 centaurs
  2 lemures (D:5)
  2 big kobolds (D:9)
  4 bullfrogs
  A gnoll sergeant (D:3)
  Dowan (D:3)
  3 scorpions
  15 wights
  17 killer bees
  A crimson imp (D:5)
  6 hounds
  2 jellies
  7 orc priests
  2 bullfrog skeletons
  Ijyb (D:4)
  2 iguanas
  15 orc wizards
  5 worker ants
  3 worker ant zombies
  4 gnolls
  6 adders
  3 shadow imps
  3 white imps
  4 ufetubi
  4 oozes
  An adder zombie (D:10)
  An adder skeleton (D:5)
  2 worms (D:2)
  2 dart slugs
  6 leopard geckos
  39 orcs
  4 giant cockroaches
  7 goblins
  12 hobgoblins
  8 jackals
  5 quokkas
  A ball python (D:3)
  6 bats
  10 frilled lizards
  A giant cockroach zombie (D:5)
  8 kobolds
  A leopard gecko skeleton (D:5)
  4 rats
  A spectral orc (D:3)
297 creatures vanquished.

Vanquished Creatures (others)
  An orc (D:8)
  A plant (D:9)
  A withered plant (D:7)
3 creatures vanquished.

Grand Total: 300 creatures vanquished

Notes
Turn   | Place    | Note
-------+----------+-------------------------------------------
     0 | D:1      | halkony2012 the Minotaur Fighter began the quest for the
                  | Orb.
     0 | D:1      | Reached XP level 1. HP: 19/19 MP: 0/0
   248 | D:1      | Reached skill level 3 in Axes
   338 | D:1      | Reached XP level 2. HP: 27/27 MP: 1/1
   695 | D:2      | Reached skill level 4 in Axes
   750 | D:2      | Reached XP level 3. HP: 33/33 MP: 2/2
  1152 | D:2      | Reached skill level 5 in Axes
  1152 | D:2      | Reached XP level 4. HP: 33/40 MP: 3/3
  1743 | D:3      | Found a faded altar of an unknown god.
  1750 | D:3      | Noticed a gnoll sergeant
  1768 | D:3      | Killed a gnoll sergeant
  1768 | D:3      | Reached skill level 6 in Axes
  1768 | D:3      | Reached XP level 5. HP: 34/46 MP: 4/4
  1922 | D:3      | Found a hide-covered altar of Uskayaw.
  1967 | D:3      | Noticed a +0 hand axe
  1967 | D:3      | Noticed a +0 dagger
  2052 | D:3      | Found a basalt altar of Yredelemnul.
  2183 | D:3      | Found a sparkling altar of Nemelex Xobeh.
  2510 | D:4      | Noticed an ogre
  2525 | D:4      | Reached skill level 7 in Axes
  2528 | D:4      | Killed an ogre
  2528 | D:4      | Reached XP level 6. HP: 18/52 MP: 5/5
  2719 | D:4      | Reached skill level 8 in Axes
  2719 | D:4      | Reached skill level 1 in Dodging
  2736 | D:4      | Noticed Grinder
  2841 | D:4      | Found a shimmering altar of Xom.
  2913 | D:4      | Noticed Ijyb
  2922 | D:4      | Killed Ijyb
  3023 | D:4      | Killed Grinder
  3023 | D:4      | Reached skill level 9 in Axes
  3023 | D:4      | Reached XP level 7. HP: 44/58 MP: 6/6
  3024 | D:4      | Noticed Dowan
  3026 | D:4      | Noticed Duvessa
  3142 | D:3      | Killed Duvessa
  3142 | D:3      | Reached skill level 10 in Axes
  3148 | D:3      | Killed Dowan
  3738 | D:4      | Found a broken altar of Ashenzari.
  3768 | D:5      | Entered Level 5 of the Dungeon
  3937 | D:5      | Reached XP level 8. HP: 66/66 MP: 7/7
  4025 | D:5      | Reached skill level 11 in Axes
  4220 | D:5      | Found a staircase to the Ecumenical Temple.
  4346 | Temple   | Entered the Ecumenical Temple
  4472 | Temple   | Became a worshipper of Warmaster Okawaru
  4548 | D:5      | Found a burning altar of Makhleb.
  4549 | D:5      | Found a radiant altar of Vehumet.
  4626 | D:5      | Found a glowing golden altar of the Shining One.
  4767 | D:6      | Noticed Edmund
  4777 | D:6      | Killed Edmund
  4777 | D:6      | Reached skill level 12 in Axes
  5188 | D:6      | Found a sparkling altar of Nemelex Xobeh.
  5224 | D:7      | Reached * piety under Okawaru
  5262 | D:6      | Reached skill level 13 in Axes
  5543 | D:6      | Noticed Pikel
  5581 | D:5      | Killed Pikel
  5581 | D:5      | Reached ** piety under Okawaru
  5581 | D:5      | Reached XP level 9. HP: 42/71 MP: 8/8
  5785 | D:6      | Noticed Eustachio
  5808 | D:6      | Killed Eustachio
  5808 | D:6      | Reached skill level 14 in Axes
  6070 | D:6      | Found a runed translucent gate.
  6072 | D:6      | Found a runed translucent gate.
  6072 | D:6      | Noticed elmdor's ghost (novice HODe)
  6073 | D:6      | Found a runed translucent gate.
  7484 | D:7      | Reached skill level 15 in Axes
  7801 | D:8      | Found a blossoming altar of Fedhas.
  7910 | D:8      | Found Bopohel's Gadget Shop.
  8191 | D:8      | Reached XP level 10. HP: 78/78 MP: 9/9
  8201 | D:8      | Reached *** piety under Okawaru
  8217 | D:8      | Noticed Joseph
  8229 | D:8      | Killed Joseph
  8330 | D:8      | Noticed a deep elf mage
  8341 | D:8      | Reached skill level 5 in Fighting
  8348 | D:8      | Killed a deep elf mage
  8348 | D:8      | Reached skill level 5 in Armour
  8352 | D:8      | Noticed an ogre mage
  8401 | D:8      | Killed an ogre mage
  9057 | D:9      | Reached **** piety under Okawaru
  9369 | D:9      | Noticed Erolcha
  9377 | D:9      | Killed Erolcha
  9505 | D:9      | Reached ***** piety under Okawaru
  9505 | D:9      | Reached skill level 10 in Fighting
  9505 | D:9      | Reached XP level 11. HP: 96/99 MP: 10/10
  9626 | D:9      | Found a shadowy altar of Dithmenos.
  9629 | D:9      | Found a snail-covered altar of Cheibriados.
  9631 | D:9      | Found an opulent altar of Gozag.
  9828 | D:10     | Entered Level 10 of the Dungeon
  9988 | D:10     | Received a gift from Okawaru
 10046 | D:9      | Got a polished trident
 10047 | D:9      | Identified the cursed +1 trident of Calamity {vorpal, rPois
                  | rN++ MP-9 SInv} (You found it on level 9 of the Dungeon)
 10372 | D:10     | Noticed a two-headed ogre
 10391 | D:10     | Killed a two-headed ogre
 10623 | D:10     | Noticed Nergalle
 10634 | D:10     | Killed Nergalle
 10896 | D:10     | Noticed a two-headed ogre
 10896 | D:10     | a two-headed ogre changed into a floating eye
 10898 | D:10     | Noticed a deep troll
 10898 | D:10     | a floating eye changed into a deep troll
 10900 | D:10     | a deep troll changed into a merfolk
 10902 | D:10     | Noticed an entropy weaver
 10902 | D:10     | a torpor snail changed into an entropy weaver
 10904 | D:10     | Noticed a satyr
 10904 | D:10     | an entropy weaver changed into a satyr
 10907 | D:10     | Noticed an entropy weaver
 10907 | D:10     | a satyr changed into an entropy weaver
 10908 | D:10     | Noticed a queen ant
 10908 | D:10     | an entropy weaver changed into a queen ant
 10909 | D:10     | Noticed a minotaur
 10909 | D:10     | a queen ant changed into a minotaur
 10910 | D:10     | Noticed an azure jelly
 10910 | D:10     | a minotaur changed into an azure jelly
 10914 | D:10     | Noticed a frost giant
 10914 | D:10     | an azure jelly changed into a frost giant
 10918 | D:10     | Noticed a stone giant
 10918 | D:10     | a frost giant changed into a stone giant
 10921 | D:10     | Noticed an iron troll
 10921 | D:10     | a stone giant changed into an iron troll
 10925 | D:10     | Noticed a frost giant
 10925 | D:10     | an iron troll changed into a frost giant
 10926 | D:10     | Noticed a sphinx
 10926 | D:10     | a frost giant changed into a sphinx
 10933 | D:10     | Killed a sphinx
 10933 | D:10     | Received a gift from Okawaru
 10936 | D:10     | Got an iridescent battleaxe {god gift}
 10944 | D:10     | Identified the +9 battleaxe of Ymnet {holy, MP+9} (Okawaru
                  | gifted it to you on level 10 of the Dungeon)
 11611 | D:10     | Noticed a purple ugly thing
 11612 | D:10     | Noticed a necromancer
 11615 | D:10     | Killed a purple ugly thing
 11623 | D:10     | Killed a necromancer
 11623 | D:10     | Reached XP level 12. HP: 63/116 MP: 11/11
 11803 | D:10     | Upgraded the game from 0.26-a0-660-gc07710193c to
                  | 0.26-a0-661-g406de6ba63
 12149 | D:10     | Noticed Harold
 12152 | D:10     | Killed Harold
 12157 | D:10     | Noticed a seven-headed hydra
 12159 | D:10     | Noticed a tengu reaver
 12173 | D:10     | Gained mutation: You are robust. (+10% HP) [potion of
                  | mutation]
 12173 | D:10     | Gained mutation: Scrolls take you a little longer to read.
                  | [potion of mutation]
 12173 | D:10     | Gained mutation: Scrolls take you longer to read. [potion
                  | of mutation]
 12173 | D:10     | Gained mutation: You are resistant to hostile enchantments.
                  | (MR+) [potion of mutation]
 12182 | D:9      | HP: 4/128 [wight/+0 battleaxe (3)]
 12182 | D:9      | Slain by a wight

Illustrated notes

Levels and vault maps discovered:
D:1:      dpeg_arrival_tiny_b, layout_rooms, minmay_pentomino_o4
D:2:      minmay_razor_zed, layout_basic
D:3:      layout_basic, dancing_weapons_uskayaw,
          yredelemnul_forgotten_temple_becter, chequers_ecumenical_altar_twisty,
          nemelex_dance_club_becter
D:4:      layout_basic, lemuel_coloured_pillars_altar, xom_teletrap_fun,
          uniq_duvessa, uniq_ijyb, uniq_grinder
D:5:      layout_basic, grunt_temple_overflow_lords_of_destruction, tso_altar,
          temple_hall
D:6:      layout_layer_cave, nemelex_xobeh_ov_fountains_minmay,
          ebering_ghost_rock_garden, uniq_pikel, uniq_eustachio, uniq_edmund
D:7:      layout_cave_pools, gammafunk_temple_overflow_elements, serial_undead,
          serial_undead_e, serial_undead_b, serial_undead_c, serial_undead_c,
          enter_ossuary_2, nrook_campfire, corexii_leaking_fountain
D:8:      minmay_bloctagon, layout_cave_pods, lemuel_crystal_altar,
          serial_shops, nicolae_shop_crystal, uniq_joseph
D:9:      layout_roguey, grunt_temple_overflow_open,
          minmay_misc_feat_nine_boxes, blue_anna_alchemist
          [blue_anna_fruit_fields, blue_anna_fruit_fields], uniq_erolcha
D:10:     minmay_chopped_fan, layout_loops_corners, serial_park_tiny_1,
          uniq_nergalle, uniq_harold
Temple:   nicolae_temple_figure_zero

Skill      XL: |  1  2  3  4  5  6  7  8  9 10 11 12 |
---------------+-------------------------------------+-----
Axes           | 3 4 5 6 7 9 10 13 15 | 15.7
Dodging        | 1 2 3 4 |  4.3
Fighting       | 4 10 13 14 | 14.1
Armour         | 7 9 |  9.5
Shields        | |  3.7

Action                   |  1- 3 |  4- 6 |  7- 9 | 10-12 || total
-------------------------+-------+-------+-------+-------++-------
Melee: War axe           |    74 |   121 |   253 |   334 ||   782
       Headbutt          |    15 |    13 |    43 |   104 ||   175
       Battleaxe         |       |       |       |    60 ||    60
Invok: Heroism           |       |       |     2 |    12 ||    14
       Finesse           |       |       |       |     2 ||     2
  Use: Potion            |       |     1 |     7 |     6 ||    14
       Scroll            |       |     5 |     4 |     2 ||    11
 Stab: Distracted        |       |       |       |     1 ||     1
Armor: Scale mail        |    26 |    26 |    76 |    59 ||   187
Dodge: Dodged            |    19 |    25 |    92 |   106 ||   242
Block: Kite shield       |    37 |    54 |   119 |   115 ||   325

Table legend: (Time is in decaauts)
 A = Elapsed time spent in this place.
 B = Non-inter-level travel time spent in this place.
 C = Inter-level travel time spent in this place.
 D = Time resting spent in this place.
 E = Time spent auto-exploring this place.
 F = Levels seen in this place.
 G = Mean time per level.
                   A        B        C        D        E       F      G
               +--------+--------+--------+--------+--------+-----+--------+
         Total |  12191 |  11908 |    283 |   2199 |   7748 |  11 | 1108.3 |
       Dungeon |  12055 |  11798 |    257 |   2199 |   7641 |  10 | 1205.5 |
        Temple |    135 |    109 |     26 |      0 |    107 |   1 |  135.0 |
               +--------+--------+--------+--------+--------+-----+--------+

Top non-repeatable levels by time:
     D:6: 2030 daAuts
    D:10: 2005 daAuts
     D:8: 1317 daAuts
     D:3: 1297 daAuts
     D:2: 1132 daAuts
     D:9: 1131 daAuts
     D:5: 1055 daAuts
     D:4: 1021 daAuts
     D:1: 538 daAuts
     D:7: 525 daAuts
  Temple: 135 daAuts
